 Dungeon Crawl Stone Soup version 0.25-a0-505-gae4569222e (webtiles) character file.

Game seed: 9599415474092783919, levelgen mode: deterministic

1718 kae the Martial Artist (level 8, -9/67 HPs)
             Began as a Demonspawn Gladiator on Feb 14, 2020.
             Mangled by an orc warrior
             ... wielding a +0 battleaxe
              (26 damage)
             ... on level 7 of the Dungeon.
             The game lasted 00:08:42 (7368 turns).

kae the Martial Artist (Demonspawn Gladiator)       Turns: 7368, Time: 00:08:43

Health: -9/67      AC:  7    Str: 17    XL:     8   Next: 75%
Magic:  8/8        EV: 15    Int:  9    God:
Gold:   315        SH:  0    Dex: 17    Spells: 7/7 levels left

rFire    . . .     SeeInvis .     - Unarmed
rCold    . . .     Gourm    .   (no shield)
rNeg     . . .     Faith    .   a - +0 leather armour
rPois    .         Spirit   .   (helmet restricted)
rElec    .         Reflect  .   s - +0 cloak
rCorr    .         Harm     .   (no gloves)
MR       .....                  q - +2 pair of boots
Stlth    ++........             (no amulet)
HPRegen  0.21/turn              b - +2 ring of evasion
MPRegen  0.11/turn              t - +2 ring of strength

@: no status effects
A: claws 2, horns 1, talons 1, nightstalker 1, powered by pain 1
a: no special abilities


You were on level 7 of the Dungeon.
You were hungry.

You visited 2 branches of the dungeon, and saw 8 of its levels.

You collected 382 gold pieces.
You spent 67 gold pieces at shops.

Inventory:

Missiles
 c - 4 throwing nets (quivered)
Armour
 a - a +0 leather armour (worn)
 q - a +2 pair of boots (worn)
 s - a +0 cloak (worn)
Jewellery
 b - a +2 ring of evasion (left claw)
 h - an uncursed amulet of magic regeneration
 k - an uncursed amulet of magic regeneration
 t - a +2 ring of strength (right claw)
 y - an uncursed ring of protection from fire {unknown}
Wands
 i - a wand of flame (16)
Scrolls
 g - 7 scrolls of amnesia
 j - 9 scrolls of remove curse
 u - a scroll of teleportation
 w - a scroll of fear {unknown}
 x - a scroll of magic mapping {unknown}
Potions
 e - a potion of flight
 f - a potion of invisibility
 l - a potion of brilliance
 m - a potion of cancellation
 n - 2 potions of heal wounds
 o - a potion of berserk rage
 p - 2 potions of mutation
 r - a potion of curing
 v - a potion of lignification {unknown}
 z - a potion of haste {unknown}
Comestibles
 d - 12 rations


   Skills:
 + Level 7.5 Fighting
 - Level 1.7 Throwing
 - Level 3.0 Dodging
 * Level 8.2 Unarmed Combat


You had 7 spell levels left.
You didn't know any spells.
Your spell library contained the following spells:

 Spells                   Type           Power        Failure   Level  Hunger
 Animate Skeleton         Necr           N/A          45%         1    ##.....
 Pain                     Necr           #...         45%         1    ##.....
 Vampiric Draining        Necr           #.........   83%         3    ####...
 Animate Dead             Necr           N/A          99%         4    #####..
 Agony                    Necr           #.......     100%        5    ######.


Dungeon Overview and Level Annotations

Branches:
Dungeon (7/15)             Temple (1/1) D:5

Altars:
Ashenzari
Cheibriados
Elyvilon
Fedhas
Gozag
Hepliaklqana
Kikubaaqudgha
Makhleb
Nemelex Xobeh
Okawaru
Qazlal
Ru
Sif Muna
Trog
Uskayaw
Vehumet
Xom
Yredelemnul
Zin
The Shining One

Shops:
D:5 ?   D:7 *

Annotations:
D:2 exclusions: orc, orc warrior and orc wizard
D:4 exclusion: ogre


Innate Abilities, Weirdness & Mutations

You have very sharp fingernails.
You have a pair of small horns on your head.
You have sharp toenails.
You are slightly more attuned to the shadows.
You sometimes gain a little power by taking damage.


Message History

You completely miss the orc warrior. Your headbutt misses the orc warrior.
The orc warrior hits you with a +0 battleaxe!
The orc closely misses you.
You are too injured to fight recklessly!
You are too injured to fight recklessly!
You are too injured to fight recklessly!
You are too injured to fight recklessly!
You are too injured to fight recklessly!
The orc hits you with a +0 morningstar! The orc warrior closely misses you.
You see here a scroll of immolation.
You closely miss the orc. You claw the orc!
You kill the orc!
The orc warrior hits you with a +0 battleaxe!!
* * * LOW HITPOINT WARNING * * *
The orc wizard hits you but does no damage.
The orc wizard gestures wildly while chanting.
The orc wizard blinks!
The orc warrior hits you with a +0 battleaxe!!
You die...

... ......... .#.
#........ .....#
##....... ......####
####........ ....#..#.##
##.#......... ......[...#
#....##...... ........o##
##...#.......
........@.###.......###..
......?o#..#..#......##..
......).##..?#........#..
........########...#.....
#...?..## ......#.....
#......# ....#.......
.......# ##.........#.
.......# ......#...#.
......#.....


You could see an orc warrior and an orc wizard.

Vanquished Creatures
  Menkaure (D:7)
  An orc warrior (D:6)
  A sky beast (D:5)
  2 ice beasts
  A phantom (D:6)
  A black bear (D:7)
  A necrophage (D:7)
  2 ogres (D:5)
  2 centaurs
  A bullfrog (D:7)
  A scorpion (D:7)
  A howler monkey (D:4)
  A bullfrog skeleton (D:6)
  A hound (D:6)
  A centaur skeleton (D:7)
  An orc priest (D:5)
  An orc wizard (D:7)
  Ijyb (D:3)
  An iguana (D:6)
  A worker ant (D:4)
  Natasha (thrice) (D:3)
  A hound skeleton (D:7)
  7 adders
  A shadow imp (D:5)
  An ooze (D:2)
  A worm (D:3)
  4 dart slugs
  6 leopard geckos
  5 orcs
  8 bats
  2 giant cockroaches
  6 goblins
  3 hobgoblins
  6 jackals
  7 kobolds
  2 quokkas
  A ball python (D:3)
  3 frilled lizards (D:1)
  A quokka zombie (D:3)
  12 rats
103 creatures vanquished.

Notes
Turn   | Place    | Note
-------+----------+-------------------------------------------
     0 | D:1      | kae the Demonspawn Gladiator began the quest for the Orb.
     0 | D:1      | Reached XP level 1. HP: 16/16 MP: 1/1
   429 | D:1      | Gained mutation: You have sharp fingernails. [demonic
                  | ancestry]
   429 | D:1      | Reached XP level 2. HP: 22/22 MP: 2/2
   497 | D:1      | Reached skill level 3 in Unarmed Combat
   782 | D:1      | Gained mutation: You are slightly more attuned to the
                  | shadows. [demonic ancestry]
   782 | D:1      | Reached XP level 3. HP: 25/28 MP: 3/3
  1703 | D:2      | Noticed an orc warrior
  1981 | D:2      | Found a sparkling altar of Nemelex Xobeh.
  2153 | D:2      | Gained mutation: You have sharp toenails. [demonic
                  | ancestry]
  2153 | D:2      | Reached XP level 4. HP: 33/35 MP: 4/4
  2331 | D:3      | You fall into a shaft and drop 1 floor!
  2410 | D:3      | Noticed Natasha
  2431 | D:3      | Killed Natasha
  2553 | D:3      | You fall into a shaft and drop 3 floors!
  2553 | D:6      | Noticed an orc warrior
  2560 | D:5      | Entered Level 5 of the Dungeon
  2560 | D:5      | Found a radiant altar of Vehumet.
  2560 | D:5      | Found a sacrificial altar of Ru.
  2561 | D:5      | Found a shimmering altar of Xom.
  2561 | D:5      | Found an iron altar of Okawaru.
  2586 | D:5      | Reached skill level 4 in Unarmed Combat
  2586 | D:5      | Gained mutation: You have a pair of small horns on your
                  | head. [demonic ancestry]
  2586 | D:5      | Reached XP level 5. HP: 27/42 MP: 5/5
  2653 | D:5      | Found Myhug's Magic Scroll Emporium.
  2659 | D:5      | Bought a scroll of identify for 20 gold pieces
  2659 | D:5      | Bought a scroll of identify for 20 gold pieces
  2697 | D:5      | Found a white marble altar of Elyvilon.
  3070 | D:3      | Noticed Ijyb
  3087 | D:3      | HP: 1/42 [Ijyb/puff of flame (9)]
  3088 | D:3      | Killed Ijyb
  3520 | D:3      | Noticed Natasha
  3531 | D:3      | Killed Natasha
  3791 | D:3      | Noticed Natasha
  3800 | D:3      | Killed Natasha
  3940 | D:3      | Found a basalt altar of Yredelemnul.
  4036 | D:3      | Gained mutation: You sometimes gain a little power by
                  | taking damage. [demonic ancestry]
  4036 | D:3      | Reached XP level 6. HP: 46/49 MP: 6/6
  5008 | D:5      | Reached skill level 5 in Fighting
  5008 | D:5      | Reached skill level 5 in Unarmed Combat
  5095 | D:5      | Reached XP level 7. HP: 50/56 MP: 7/7
  5170 | D:5      | Found a staircase to the Ecumenical Temple.
  5424 | Temple   | Entered the Ecumenical Temple
  6404 | D:6      | Reached skill level 6 in Unarmed Combat
  6600 | D:6      | Found a burning altar of Makhleb.
  6649 | D:6      | Gained mutation: You have very sharp fingernails. [demonic
                  | ancestry]
  6649 | D:6      | Reached XP level 8. HP: 53/65 MP: 8/8
  6790 | D:7      | Reached skill level 7 in Unarmed Combat
  7206 | D:7      | Found Sadipups's Assorted Antiques.
  7215 | D:7      | Bought a scroll labeled KOGOUT VOIF for 27 gold pieces
  7229 | D:7      | Noticed Menkaure
  7242 | D:7      | Killed Menkaure
  7242 | D:7      | Reached skill level 8 in Unarmed Combat
  7262 | D:7      | Found a shattered altar of Ashenzari.
  7262 | D:7      | Found a hide-covered altar of Uskayaw.
  7262 | D:7      | Found a blossoming altar of Fedhas.
  7368 | D:7      | Mangled by an orc warrior

Levels and vault maps discovered:
D:1:      dpeg_arrival_stone_temple_mockup, layout_loops_ring
D:2:      layout_basic, marbit_many_paths
D:3:      layout_basic, nicolae_overflow_crystal_walls, first_ration, uniq_ijyb,
          uniq_natasha
D:4:      layout_basic
D:5:      layout_cave_pools, nicolae_overflow_hidden_temple, temple_hall,
          serial_co_window_serial, co_window_paths_a, co_window_paths_b,
          co_window_paths_a, co_window_cross_1, co_window_paths_b,
          co_window_corner_a, co_window_paths_a, co_window_paths_c,
          co_window_corner_ca, co_window_2corner, co_window_corner_cb,
          serial_shops, shop_statue, elyvilon_altar_4
D:6:      layout_rooms, bloody_makhleb
D:7:      layout_cave_pools, gammafunk_temple_overflow_claw, serial_shops, shop,
          minmay_fractal_squares_gapless_5, uniq_menkaure
Temple:   minmay_temple_curvy_loop

Skill      XL: |  1  2  3  4  5  6  7  8 |
---------------+-------------------------+-----
Dodging        | 3 |  3.0
Unarmed Combat | 3 4 5 6 8 |  8.2
Fighting       | 3 4 5 6 7 |  7.5
Throwing       | |  1.7

Action                   |  1- 3 |  4- 6 |  7- 9 || total
-------------------------+-------+-------+-------++-------
Melee: Unarmed           |   152 |   116 |   136 ||   404
       Kick              |       |    18 |       ||    18
       Headbutt          |       |    14 |    27 ||    41
       Punch             |       |     1 |    10 ||    11
Evoke: Wand              |       |     1 |       ||     1
  Use: Scroll            |     4 |     7 |     7 ||    18
       Potion            |       |     3 |       ||     3
 Stab: Sleeping          |     4 |     2 |     2 ||     8
       Distracted        |       |       |     1 ||     1
  Eat: Chunk             |     3 |     7 |     3 ||    13
       Ration            |       |     1 |     1 ||     2
Armor: Leather armour    |    33 |    11 |    30 ||    74
Dodge: Dodged            |    98 |    75 |    68 ||   241

Table legend:
 A = Non-vault XP
 B = Vault XP
 C = Vault XP percentage of total XP
 D = Non-vault monster count
 E = Vault monster count
 F = Vault count percentage of total count
                 A         B        C        D         E       F
            +---------+---------+-------+---------+---------+-------
      Total |    2199 |     256 |  10.4 |      99 |       4 |   3.9
            +---------+---------+-------+---------+---------+-------
        D:1 |      47 |       0 |   0.0 |      24 |       0 |   0.0
        D:2 |      72 |       2 |   2.7 |      19 |       1 |   5.0
        D:3 |     125 |      71 |  36.2 |      19 |       2 |   9.5
        D:4 |      91 |       0 |   0.0 |       2 |       0 |   0.0
        D:5 |     528 |       0 |   0.0 |       8 |       0 |   0.0
        D:6 |     552 |       0 |   0.0 |      11 |       0 |   0.0
        D:7 |     784 |     183 |  18.9 |      16 |       1 |   5.9
            +---------+---------+-------+---------+---------+-------
